 Dungeon Crawl Stone Soup version 0.31-a0-841-g038b102fc3 (webtiles) character file.

Game seed: 12441457359691639195

33 DApurpleWHUMPUS the Ogre Mage (level 3, 0/31 HPs)
             Began as an Ogre Fire Elementalist on Sept 27, 2023.
             Slain by an adder (1 damage)
             ... on level 2 of the Dungeon.
             The game lasted 00:04:57 (1550 turns).

DApurpleWHUMPUS the Ogre Mage (OgFE)                Turns: 1550, Time: 00:04:58

Health: 0/31       AC:  3    Str: 12    XL:     3   Next: 29%
Magic:  10/16      EV:  9    Int: 22    God:
Gold:   73         SH:  0    Dex:  9    Spells: 7/8 levels left

rFire   . . .        d - +0 short sword
rCold   . . .        (no shield)
rNeg    . . .        a - +0 robe
rPois   .            (helmet restricted)
rElec   .            (no cloak)
rCorr   .            (gloves unavailable)
SInv    .            (boots unavailable)
Will    .....        (no amulet) Stlth
                     j - ring "Apteelas" {MP+9 Int+4 Stlth-}
HPRegen 0.25/turn    (no ring)
MPRegen 0.15/turn

%: no passive effects
@: invisible
A: large, unfitting armour, tough skin 1
a: no special abilities


You were on level 2 of the Dungeon.
You visited 1 branch of the dungeon, and saw 2 of its levels.

You collected 73 gold pieces.

Inventory:

Hand Weapons
 d - a +0 short sword (weapon)
Armour
 a - a +0 robe (worn)
 h - a +0 pair of gloves
Jewellery
 j - the ring "Apteelas" (left hand) {MP+9 Int+4 Stlth-}
   (You found it on level 2 of the Dungeon)

   [ring of magical power]

   Int+4:     It affects your intelligence (+4).
   MP+9:      It affects your magic capacity (+9).
   Stlth-:    It makes you less stealthy.
Wands
 i - a wand of light (7)
Scrolls
 c - 4 scrolls of teleportation {unknown}
 e - a scroll of fear {unknown}
 g - 3 scrolls of identify {unknown}
Potions
 b - a potion of magic


   Skills:
 - Level 1.7 Dodging
 - Level 1.4 Stealth
 * Level 3.4 Spellcasting
 + Level 1.4 Conjurations
 + Level 3.0 Fire Magic


You had 7 spell levels left.
You knew the following spells:

 Your Spells              Type           Power      Damage    Failure   Level
a - Foxfire               Conj/Fire      52%        2x1d6     4%          1

Your spell library contained the following spells:

 Spells                   Type           Power      Damage    Failure   Level
 Scorch                   Fire           34%        2d6       5%          2
 Summon Small Mammal      Summ           12%        N/A       12%         1
 Inner Flame              Hex/Fire       10%        N/A       19%         3
 Volatile Blastmotes      Fire/Tloc      20%        2d11      19%         3
 Dazzling Flash           Conj/Hex       14%        N/A       26%         3
 Call Canine Familiar     Summ           3%         N/A       34%         3
 Summon Guardian Golem    Hex/Summ       3%         N/A       34%         3
 Flame Wave               Conj/Fire      13%        2d6       43%         4
 Starburst                Conj/Fire      6%         6d4       100%        6
 Maxwell's Capacitive Co  Air            1%         ∞         100%        8
 Chain Lightning          Conj/Air       3%         3d4       100%        9
 Fire Storm               Conj/Fire      6%         8d2       100%        9
 Shatter                  Erth           1%         3d6*      100%        9


Dungeon Overview and Level Annotations

Branches:
Dungeon (2/15)

Altars:


Innate Abilities, Weirdness & Mutations

You are too large for most types of armour.
You have tough skin. (AC +1)


Message History

The adder attacks as it pursues you! The adder bites you.
You are poisoned.
The adder poisons you!
Casting: Foxfire (safe; 4% risk of failure)
Confirm with . or Enter, or press ? or * to list all spells.
You conjure some foxfire!
You feel sick. The adder bites you but does no damage.
Your foxfire dissipates!
You feel sick. The adder attacks as it pursues you!
The adder bites you but does no damage. x2
Casting: Foxfire (safe; 4% risk of failure)
Confirm with . or Enter, or press ? or * to list all spells.
You conjure some foxfire!
You feel sick. The adder closely misses you.
Your foxfire dissipates!
You feel sick.
Casting: Foxfire (safe; 4% risk of failure)
Confirm with . or Enter, or press ? or * to list all spells.
You conjure some foxfire!
You feel sick. The adder bites you but does no damage.
Your foxfire dissipates!
You feel sick.
You are no longer poisoned.
The adder attacks as it pursues you! The adder bites you.
* * * LOW HITPOINT WARNING * * *
The adder bites you.
* * * LOW HITPOINT WARNING * * *
Unknown command.
It was a potion of invisibility.
You fade into invisibility!
The adder barely misses you.
Casting: Foxfire (safe; 4% risk of failure)
Confirm with . or Enter, or press ? or * to list all spells.
You conjure some foxfire!
The adder misses you.
Your foxfire dissipates!
The adder bites you.
* * * LOW HITPOINT WARNING * * *
Casting: Foxfire (safe; 4% risk of failure)
Confirm with . or Enter, or press ? or * to list all spells.
You conjure some foxfire!
The adder bites you.
You die...

. .>.##
<.....###################
#.............S@v.......#
....###############.###.#
# #.# #.# #.# #.# #.# #.#
#.###.# #...#.# ###†#.#
#.#.#


You could see an adder (unable to see you, ally target).

Vanquished Creatures
  An adder (D:2)
  A dart slug (D:2)
  A giant cockroach (D:1)
  3 goblins
  A hobgoblin (D:1)
  2 jackals (D:1)
  A quokka (D:1)
  5 bats (D:1)
  A kobold (D:1)
  5 rats
21 creatures vanquished.

Vanquished Creatures (others)
  32 foxfires
32 creatures vanquished.

Grand Total: 53 creatures vanquished

Notes
Turn   | Place    | Note
-------+----------+-------------------------------------------
     0 | D:1      | DApurpleWHUMPUS the Ogre Fire Elementalist began the quest
                  | for the Orb.
     0 | D:1      | Reached XP level 1. HP: 16/16 MP: 3/3
   116 | D:1      | Reached skill level 1 in Conjurations
   520 | D:1      | Reached XP level 2. HP: 24/24 MP: 2/5
  1286 | D:2      | Reached XP level 3. HP: 31/31 MP: 4/7
  1380 | D:2      | Identified the ring "Apteelas" {MP+9 Int+4 Stlth-}
  1549 | D:2      | HP: 1/31 [adder (2)]
  1550 | D:2      | Slain by an adder

Illustrated notes

Levels and vault maps discovered:
D:1:      dpeg_arrival_prison, layout_loops_ring, grunt_decor_arrowhead
D:2:      layout_loops_ring, basic_altar,
          hellmonk_ecumenical_altar_leap_of_faith

Skill      XL: |  1  2 |
---------------+-------+-----
Conjurations   | 1 |  1.4
Spellcasting   | 3 |  3.4
Fire Magic     | 3 |  3.0
Dodging        | |  1.7
Stealth        | |  1.4

Action                     || total
---------------------------++-------
  Melee: Unarmed           ||    11
         Short sword       ||    55
   Cast: Foxfire           ||    38
    Use: Potion            ||     1
   Stab: Sleeping          ||     2
 Armour: Robe              ||   120
  Dodge: Dodged            ||    68

Table legend: (Time is in decaauts)
 A = Elapsed time spent in this place.
 B = Non-inter-level travel time spent in this place.
 C = Inter-level travel time spent in this place.
 D = Time resting spent in this place.
 E = Time spent auto-exploring this place.
 F = Levels seen in this place.
 G = Mean time per level.
                   A        B        C        D        E       F      G
               +--------+--------+--------+--------+--------+-----+--------+
         Total |   1548 |   1494 |     54 |    245 |    838 |   2 |  774.0 |
       Dungeon |   1548 |   1494 |     54 |    245 |    838 |   2 |  774.0 |
               +--------+--------+--------+--------+--------+-----+--------+

Top non-repeatable levels by time:
     D:1: 1278 daAuts
     D:2: 270 daAuts
